Map: Orbital Shipyard

Players

HTOMario

  • Race: Terran Terran
  • League: Grandmaster

RuFF - Winner!

  • Race: Terran Terran
  • League: Grandmaster

VOD

https://youtu.be/7rWoE1LhMzA

Description

Let it burn

Time

  • Played on: Jan. 25, 2016, 3:19 a.m.
  • Length: 13:37
Show
View Real Time Build Order
Export as new Build Order

HTOMario Terran 

Build Orders: 1/1/1 

Get SALT Encoding   

  12  0:01  SCV  
  13  0:13  SCV  
  14  0:17  Supply Depot  
  14  0:25  SCV  
  15  0:28  Refinery  
  15  0:39  SCV  
  16  0:45  Barracks  
  16  0:51  SCV  
  17  1:03  SCV  
  18  1:11  Refinery  
  18  1:15  SCV  
  19  1:32  Orbital Command  
  19  1:34  Factory  
  19  1:47  Reaper  
  19  1:51  Refinery  
  20  1:56  Supply Depot  
  20  1:58  SCV  
  20  2:11  SCV  
  21  2:18  Hellion  
  21  2:22  Reaper  
  24  2:26  Starport  
  24  2:28  SCV  
  25  2:40  SCV  
  25  2:41  Hellion  
  28  2:52  SCV  
  29  3:01  Reaper  
  29  3:04  SCV  
  31  3:07  Supply Depot  
  31  3:11  Medivac, Hellion  
  35  3:16  SCV  
  35  3:41  SCV  
  36  3:46  Command Center  
  36  3:51  Barracks Tech Lab  
  36  3:53  Barracks Reactor, SCV  
  36  3:55  Hellion  
  39  4:08  SCV  
  43  4:13  Viking  
  42  4:20  SCV  
  43  4:38  SCV  
  44  4:42  Hellion  
  44  4:43  Barracks Tech Lab  
  46  4:45  Factory  
  46  4:46  Supply Depot  
  46  4:50  SCV  
  47  4:56  Hellion  
  41  5:12  Orbital Command  
  41  5:14  SCV  
  39  5:16  Hellion  
  39  5:17  Hellion  
  43  5:23  Viking  
  43  5:27  Barracks Reactor  
  45  5:29  SCV  
  46  5:37  Hellion, Infernal Pre-Igniter  
  46  5:38  Hellion x2  
  46  5:42  SCV  
  53  5:44  SCV  
  54  5:53  Viking  
  54  5:55  SCV  
  54  5:56  SCV  
  58  5:58  Supply Depot  
  58  6:00  Hellion x2  
  58  6:01  Supply Depot  
  58  6:03  Hellion  
  64  6:09  SCV x2  
  66  6:22  Command Center  
  66  6:24  SCV x2  
  68  6:29  Hellion x3  
  74  6:35  Refinery x2  
  74  6:37  Viking  
  76  6:41  Viking  
  76  6:46  SCV  
  76  6:47  SCV  
  80  7:08  Viking  
  76  7:11  Viking  
  62  7:21  Hellion x2  
  62  7:22  Hellion  
  66  7:24  SCV x2  
  68  7:33  Factory x2  
  68  7:36  Factory  
  68  7:42  Viking x2  
  72  7:46  Armory  
  72  7:47  Armory, SCV  
  72  7:51  SCV  
  74  7:54  Orbital Command  
  74  8:02  Hellion x2  
  78  8:06  Hellion  
  78  8:08  SCV x2  
  82  8:13  Supply Depot  
  82  8:17  Factory Tech Lab  
  82  8:19  Factory Tech Lab, Factory Reactor  
  82  8:22  SCV  
  82  8:23  SCV x2  
  85  8:31  Medivac  
  85  8:32  Medivac  
  89  8:43  Siege Tank x3  
  98  8:48  Terran Vehicle Weapons Level 1, Supply Depot  
  98  8:49  Terran Vehicle And Ship Armor Level 1  
  98  8:51  Supply Depot  
  98  8:55  SCV x3  
  101  9:13  SCV  
  101  9:15  Siege Tank, Viking  
  101  9:16  Viking  
  97  9:26  Siege Tank  
  97  9:27  Hellion x2  
  101  9:34  SCV  
  101  9:35  SCV  
  101  9:40  SCV  
  102  9:47  SCV  
  102  9:52  SCV x2  
  105  9:54  Siege Tank, Hellion x2  
  105  9:55  Hellion x3  
  118  10:02  Engineering Bay  
  118  10:06  Refinery  
  118  10:07  Refinery  
  118  10:09  SCV  
  119  10:19  Siege Tank  
  119  10:20  Hellion  
  124  10:22  SCV  
  124  10:26  Supply Depot  
  124  10:27  Supply Depot  
  125  10:29  Supply Depot  
  125  10:45  Supply Depot  
  125  10:48  Siege Tank, Hellion, SCV x3  
  125  10:49  Siege Tank, Hellion x2  
  140  10:54  Command Center  
  140  10:59  Terran Vehicle Weapons Level 2  
  140  11:00  SCV  
  140  11:01  Terran Vehicle And Ship Armor Level 2  
  141  11:30  Thor x2  
  141  11:31  Hellion x2  
  141  11:32  Hellion  
  155  11:39  SCV x2  
  151  11:40  SCV  
  145  11:51  SCV  
  128  11:56  Viking x2  
  127  12:04  SCV x3  
  122  12:16  SCV x2  
  124  12:26  Viking x2  
  124  12:28  Hellion x4  
  124  12:29  Cyclone x2  
  142  12:33  SCV  
  142  12:34  SCV x2  
  145  12:43  Planetary Fortress  
  145  12:46  SCV x2  
  145  12:49  Cyclone  
  150  12:56  Refinery  
  148  12:59  Refinery  
  148  13:03  SCV x3  
  151  13:07  Hellion x2  
Show
View Real Time Build Order
Export as new Build Order

RuFF Terran - Winner!

Build Orders: Reaper Expand 

Get SALT Encoding   

  12  0:03  SCV  
  13  0:17  SCV  
  13  0:20  Supply Depot  
  14  0:29  SCV  
  14  0:31  Refinery  
  15  0:42  Barracks  
  15  0:45  SCV  
  16  0:57  SCV  
  17  1:10  SCV  
  18  1:23  SCV  
  19  1:30  Reaper  
  20  1:35  Orbital Command  
  20  1:45  Command Center  
  20  2:06  Factory, SCV  
  21  2:09  Barracks Reactor  
  21  2:18  Supply Depot, SCV  
  22  2:30  SCV  
  23  2:42  SCV  
  24  2:48  Command Center  
  24  2:53  Starport  
  24  2:56  Hellion  
  26  2:59  Hellion  
  28  3:06  Orbital Command  
  28  3:09  SCV  
  29  3:22  Hellion x2  
  29  3:24  SCV  
  34  3:31  Viking  
  36  3:35  Barracks Reactor  
  36  3:36  SCV x2  
  38  3:45  Hellion  
  38  3:47  Refinery  
  38  3:48  SCV  
  41  3:57  SCV  
  41  4:00  Orbital Command, Refinery  
  41  4:01  Supply Depot  
  42  4:10  Engineering Bay  
  42  4:14  Hellion x2  
  46  4:23  Viking  
  46  4:24  Supply Depot  
  48  4:25  SCV  
  48  4:27  SCV  
  48  4:29  SCV  
  51  4:34  Viking  
  51  4:37  SCV  
  54  4:39  SCV  
  54  4:43  Hellion  
  54  4:44  Hellion  
  59  4:49  Missile Turret  
  59  4:51  Missile Turret  
  59  5:03  SCV  
  54  5:14  SCV x2  
  54  5:15  Medivac x2, SCV  
  61  5:22  Armory  
  61  5:24  Hellion x2  
  61  5:26  SCV  
  61  5:27  SCV x2  
  68  5:35  Refinery  
  68  5:38  SCV  
  68  5:40  Factory  
  69  5:42  Armory  
  69  5:48  Medivac  
  69  5:49  Hellion x2  
  75  5:52  SCV x2  
  75  5:55  Orbital Command  
  77  5:58  Supply Depot  
  77  6:02  Supply Depot  
  77  6:16  Terran Vehicle Weapons Level 1  
  77  6:20  Hellion x2  
  77  6:23  Factory Tech Lab  
  77  6:25  Viking x2  
  85  6:28  SCV x2  
  85  6:30  SCV  
  88  6:35  Terran Vehicle And Ship Armor Level 1  
  88  6:41  Infernal Pre-Igniter  
  88  6:44  Hellion x7  
  62  7:22  Hellion x3  
  58  7:27  Factory, SCV x3  
  58  7:28  Factory  
  58  7:29  Factory  
  61  7:39  SCV x3  
  61  7:42  Refinery  
  61  7:43  Refinery, Hellion  
  61  7:44  Hellion x2  
  70  7:51  SCV  
  71  8:00  Supply Depot x2, SCV  
  71  8:03  Starport  
  71  8:04  Starport  
  71  8:05  Hellion x2  
  76  8:11  Hellion x2  
  76  8:12  Starport Tech Lab  
  80  8:14  SCV  
  81  8:21  SCV x2  
  81  8:26  SCV  
  84  8:32  Supply Depot, Engineering Bay  
  84  8:33  SCV  
  85  8:39  Building Armor  
  85  8:42  Raven  
  85  8:44  Starport Tech Lab  
  87  8:48  Starport Tech Lab  
  83  8:56  Hellion x3  
  89  9:13  Raven x2  
  89  9:14  Corvid Reactor  
  93  9:24  Factory Tech Lab  
  93  9:25  Factory Tech Lab  
  83  9:36  Missile Turret, SCV x2  
  85  9:40  Raven  
  85  9:41  Explosive Shrapnel Shells  
  87  9:51  Hellion x3  
  87  9:52  Hellion x2  
  93  9:56  Raven  
  93  9:59  Terran Vehicle Weapons Level 2  
  95  10:01  Terran Vehicle And Ship Armor Level 2  
  95  10:03  SCV  
  95  10:04  SCV  
  95  10:05  Raven  
  99  10:14  Missile Turret x2  
  99  10:17  Sensor Tower  
  99  10:25  Raven  
  101  10:30  Supply Depot x2  
  101  10:31  Supply Depot  
  101  10:36  Hellion x2  
  101  10:37  Hellion x3  
  111  10:43  Viking  
  111  10:48  Viking  
  115  11:08  Viking  
  111  11:13  Viking  
  111  11:18  Viking  
  103  11:43  Hellion x3  
  103  11:46  Hellion x2  
  106  11:51  SCV x2  
  106  11:54  Raven x3  
  107  12:04  Hellion x3  
  107  12:05  SCV x2  
  107  12:07  Hi-Sec Auto Tracking  
  107  12:08  Hellion x2  
  117  12:09  SCV  
  117  12:14  Command Center  
  118  12:17  SCV x2  
  118  12:21  SCV  
  121  12:29  SCV x2  
  123  12:37  Raven x3  
  129  12:50  Siege Tank x2  
  135  12:55  Hellion  
Tags
 
Add a new tag
Caveats
  • Supply blocks, unpowered buildings, or Contaminate may cause inaccurate times.
  • Supply counts are checked every 10 seconds.